 Dungeon Crawl Stone Soup version 0.20.2-3-g29329e0561 (webtiles) character file.

114 Alfie the Shooter (level 4, -3/38 HPs)
             Began as a Minotaur Hunter on June 5, 2020.
             Slain by peterlawrence's ghost (8 damage)
             ... on level 3 of the Dungeon.
             The game lasted 00:05:34 (1627 turns).

Alfie the Shooter (Minotaur Hunter)                 Turns: 1627, Time: 00:05:36

Health: -3/38      AC:  7    Str: 18    XL:     4   Next: 67%
Magic:  3/3        EV: 10    Int:  8    God:
Gold:   123        SH:  0    Dex: 10    Spells: 3/3 levels left

rFire    . . .     SeeInvis .   a - +1 shortbow
rCold    . . .     Gourm    .   (shield currently unavailable)
rNeg     . . .     Faith    .   g - +0 scale mail
rPois    .         Spirit   .   (helmet restricted)
rElec    .         Reflect  .   (no cloak)
rCorr    .         Harm     .   (no gloves)
MR       .....                  o - +0 pair of boots
Stlth    ..........             (no amulet)
Regen    0.2/turn               (no ring)
MPRegen  0.1/turn               (no ring)

@: lethally poisoned (-3 -> -8)
A: retaliatory headbutt, horns 2
a: no special abilities


You were on level 3 of the Dungeon.
You were not hungry.

You visited 1 branch of the dungeon, and saw 3 of its levels.

You collected 123 gold pieces.

Inventory:

Hand Weapons
 a - a +1 shortbow (weapon)
 b - a +0 short sword
Missiles
 d - 42 arrows (quivered)
Armour
 g - a +0 scale mail (worn)
 o - a +0 pair of boots (worn)
Jewellery
 e - an uncursed ring of ice
 h - an uncursed ring of resist corrosion {unknown}
Wands
 i - a wand of random effects (48/48)
Scrolls
 c - a scroll of magic mapping
 k - a scroll of recharging
 n - a scroll of fear
 q - 2 scrolls of remove curse
Potions
 f - 2 potions of brilliance {unknown}
 j - a potion of curing {unknown}
 l - a potion of heal wounds
 p - a potion of flight {unknown}
Comestibles
 m - a meat ration


   Skills:
 + Level 3.2 Fighting
 + Level 6.2 Bows
 + Level 0.2 Armour
 + Level 2.4 Dodging
 + Level 0.8 Stealth


You had 3 spell levels left.
You didn't know any spells.

Dungeon Overview and Level Annotations

Branches:
Dungeon (3/15)

Altars:
Elyvilon
Yredelemnul

Annotations:
D:3 peterlawrence's ghost, amateur MiFi


Innate Abilities, Weirdness & Mutations

You reflexively headbutt those who attack you in melee.
You have a pair of horns on your head.


Message History

The adder barely misses you. Peterlawrence's ghost hits you!
* * * LOW HITPOINT WARNING * * *
Firing (i - inventory):
d - 44 arrows (quivered)
Press: ? - help, Shift-Dir - straight line, f/p - peterlawrence's ghost
Aim: peterlawrence's ghost (heavily damaged)
You shoot an arrow. The arrow hits peterlawrence's ghost!
Peterlawrence's ghost is severely damaged.
The adder bites you but does no damage.
Peterlawrence's ghost hits you but does no damage.
Firing (i - inventory):
d - 43 arrows (quivered)
Press: ? - help, Shift-Dir - straight line, f/p - peterlawrence's ghost
Aim: peterlawrence's ghost (severely damaged)
You shoot an arrow. The arrow hits peterlawrence's ghost.
Peterlawrence's ghost is almost destroyed.
The adder closely misses you. You furiously retaliate!
You headbutt the adder! The adder bites you.
* * * LOW HITPOINT WARNING * * *
You are lethally poisoned!
The adder poisons you! Peterlawrence's ghost hits you!
You die...

#####.......... ..).
.........##### #...
########...#
###...###.
#.#.###.........
...#.#...##....#
#.###..........###.
#
#............#.....
#
....###..##.........
. ...
#..###.@....... # #.
#... #SW....... #
#... #.(.....). .
....##....o..=( .
##.............. #
... ....(...... #
.....(.##..
#...(.(.. ..


You could see peterlawrence's ghost, an adder and an orc.

Vanquished Creatures
  Ijyb (D:3)
  2 worms (D:2)
  3 dart slugs
  3 leopard geckos
  An orc (D:3)
  A ball python (D:3)
  5 giant cockroaches
  3 hobgoblins
  4 jackals (D:1)
  A quokka (D:2)
  18 bats
  3 frilled lizards
  12 goblins
  4 kobolds
  7 rats
68 creatures vanquished.

Notes
Turn   | Place    | Note
-------+----------+-------------------------------------------
     0 | D:1      | Alfie the Minotaur Hunter began the quest for the Orb.
     0 | D:1      | Reached XP level 1. HP: 18/18 MP: 0/0
   204 | D:1      | Reached XP level 2. HP: 22/25 MP: 1/1
   229 | D:1      | Reached skill level 5 in Bows
   427 | D:1      | Reached XP level 3. HP: 30/30 MP: 2/2
   991 | D:2      | Found a basalt altar of Yredelemnul.
  1083 | D:2      | Found a faded altar of an unknown god.
  1196 | D:2      | Reached XP level 4. HP: 37/37 MP: 3/3
  1391 | D:2      | Found a white marble altar of Elyvilon.
  1489 | D:3      | Noticed Ijyb
  1508 | D:3      | Killed Ijyb
  1508 | D:3      | Reached skill level 6 in Bows
  1614 | D:3      | Noticed peterlawrence's ghost (amateur MiFi)
  1627 | D:3      | Slain by peterlawrence's ghost

Skill      XL: |  1  2  3  4 |
---------------+-------------+-----
Bows           | 5 6 |  6.2
Fighting       | 3 |  3.2
Armour         | |  0.2
Dodging        | |  2.4
Stealth        | |  0.8

Action                   |  1- 3 |  4- 6 || total
-------------------------+-------+-------++-------
 Fire: Shortbow          |   117 |    52 ||   169
  Use: Scroll            |     2 |     6 ||     8
  Eat: Bread ration      |     1 |       ||     1
Armor: Leather armour    |    11 |     8 ||    19
       Scale mail        |       |     5 ||     5
Dodge: Dodged            |    24 |    20 ||    44
